 Dungeon Crawl Stone Soup version 0.31-a0-431-g88bdf31460 (webtiles) character file.

Game seed: 6752912853378666986

7 CraigForest the Changeling (level 2, -2/21 HPs)
             Began as a Merfolk Shapeshifter on Aug 1, 2023.
             Slain by a goblin
             ... wielding a +0 dagger
              (3 damage)
             ... on level 1 of the Dungeon.
             The game lasted 00:01:12 (151 turns).

CraigForest the Changeling (Merfolk Shapeshifter)    Turns: 151, Time: 00:01:13

Health: -2/21      AC:  3    Str: 15    XL:     2   Next: 0%
Magic:  2/2        EV: 12    Int:  7    God:
Gold:   8          SH:  0    Dex: 14    Spells: 1/1 levels left

rFire   . .          .
                       - Unarmed
rCold   . . .        (no shield)
rNeg    . . .        e - +0 leather armour
rPois   .            (helmet currently unavailable)
rElec   .            (cloak currently unavailable)
rCorr   .            (gloves currently unavailable)
SInv    .            (boots currently unavailable)
Will    .....        (no amulet)
Stlth   +            (no ring)
HPRegen 0.23/turn    (no ring)
MPRegen 0.08/turn

%: no passive effects
@: beast-form
A: beast (slay +3), (nimble swimmer 2), mertail
a: Begin Untransformation


You were on level 1 of the Dungeon.
You were a hulking beast.
You visited 1 branch of the dungeon, and saw 1 of its levels.

You collected 8 gold pieces.

Inventory:

Armour
 a - a +0 animal skin
 e - a +0 leather armour (worn)
Talismans
 c - a beast talisman (active)
Scrolls
 d - a scroll of revelation {unknown}
Potions
 b - a potion of lignification


   Skills:
 + Level 1.1 Fighting
 + Level 2.7 Dodging
 + Level 3.3 Unarmed Combat
 + Level 4.4 Shapeshifting


You had one spell level left.
You didn't know any spells.
Your spell library was empty.

Dungeon Overview and Level Annotations

Branches:
Dungeon (1/15)

Altars:


Innate Abilities, Weirdness & Mutations

You are a hulking beast.
Your limbs bulge with bestial killing power. (Slay +3)
((You are very nimble when in or above water. (Stealth+, EV+, Speed+++)))
Your lower body shifts to a powerful aquatic tail in water.


Message History

A goblin comes into view. It is wielding a +0 dagger.
Found a mace.
The kobold throws a stone.
The stone hits you.
Found a twisted runed staff.
The goblin hits you with a +3 dagger of protection.
You barely miss the goblin.
The goblin hits you with a +3 dagger of protection.
The kobold barely misses you.
The kobold throws a stone.
The stone closely misses you. The goblin attacks as you move away!
The goblin hits you with a +3 dagger of protection.
The goblin hits you with a +3 dagger of protection.
You closely miss the goblin. You barely miss the goblin.
You closely miss the goblin. The goblin barely misses you.
The goblin hits you but does no damage.
You barely miss the goblin.
The goblin hits you with a +3 dagger of protection.
The goblin hits you but does no damage.
You hit the goblin.
The goblin is severely wounded.
The goblin hits you but does no damage. x2
You hit the goblin but do no damage.
The goblin is severely wounded.
The goblin hits you with a +3 dagger of protection.
The goblin barely misses you.
You closely miss the goblin.
The goblin is severely wounded.
The goblin hits you with a +3 dagger of protection.
The goblin hits you with a +0 dagger.
* * * LOW HITPOINT WARNING * * *
You barely miss the goblin.
The goblin is severely wounded.
The goblin hits you with a +3 dagger of protection.
* * * LOW HITPOINT WARNING * * *
The goblin hits you with a +0 dagger.
* * * LOW HITPOINT WARNING * * *
You closely miss the goblin.
The goblin is severely wounded.
The goblin barely misses you. The goblin hits you with a +0 dagger.
You die...

..#........## ..#†........#
##.|...... .##.........#
#......... #.#.........#
#......... ..#.........###
#......... ###...........#
#......... ............#.###
.........
........[..##...####......).
..........#####.hg#.w.......
###.#..#### ###g#.........
...#.. #Kw......... ..##
##.......... ##.........
#..$...... #.#......#
#.###.#### #.. .#


You could see a dart slug, 2 goblins and a kobold.

Vanquished Creatures
  A dart slug (D:1)
  A quokka (D:1)
  A ball python (D:1)
  A bat (D:1)
  A goblin (D:1)
  A rat (D:1)
6 creatures vanquished.

Notes
Turn   | Place    | Note
-------+----------+-------------------------------------------
     0 | D:1      | CraigForest the Merfolk Shapeshifter began the quest for
                  | the Orb.
     0 | D:1      | Reached XP level 1. HP: 15/15 MP: 1/1
    59 | D:1      | Reached XP level 2. HP: 6/21 MP: 2/2
   150 | D:1      | HP: 1/21 [goblin/+0 dagger (1)]
   151 | D:1      | Slain by a goblin

Illustrated notes

Levels and vault maps discovered:
D:1:      matt_arrival_grand_opening, layout_rooms, serial_shops, shop_scrolls

Action                     || total
---------------------------++-------
  Melee: Unarmed           ||    26
 Armour: Leather armour    ||    13
  Dodge: Dodged            ||    20

Table legend: (Time is in decaauts)
 A = Elapsed time spent in this place.
 B = Non-inter-level travel time spent in this place.
 C = Inter-level travel time spent in this place.
 D = Time resting spent in this place.
 E = Time spent auto-exploring this place.
 F = Levels seen in this place.
 G = Mean time per level.
                   A        B        C        D        E       F      G
               +--------+--------+--------+--------+--------+-----+--------+
         Total |    149 |    143 |      6 |      0 |     87 |   1 |  149.0 |
       Dungeon |    149 |    143 |      6 |      0 |     87 |   1 |  149.0 |
               +--------+--------+--------+--------+--------+-----+--------+

Top non-repeatable levels by time:
     D:1: 149 daAuts
